 Dungeon Crawl Stone Soup version 0.25-a0-523-g9afb2ee040 (webtiles) character file.

Game seed: 80972684470186318, levelgen mode: deterministic

32 Flugslaktarn the Shield-Bearer (level 3, 0/33 HPs)
             Began as a Deep Dwarf Fighter on Feb 18, 2020.
             Slain by an orc wizard
             ... wielding a +0 dagger
              (1 damage)
             ... on level 2 of the Dungeon.
             The game lasted 00:00:12 (115 turns).

Flugslaktarn the Shield-Bearer (Deep Dwarf Fighter)  Turns: 115, Time: 00:00:12

Health: 0/33       AC:  6    Str: 20    XL:     3   Next: 8%
Magic:  2/2        EV:  7    Int:  8    God:
Gold:   0          SH:  9    Dex: 12    Spells: 2/2 levels left

rFire    . . .     SeeInvis .   a - +0 war axe
rCold    . . .     Gourm    .   c - +0 kite shield
rNeg     . . .     Faith    .   b - +0 scale mail
rPois    .         Spirit   .   (no helmet)
rElec    .         Reflect  .   (no cloak)
rCorr    .         Harm     .   (no gloves)
MR       .....                  (no boots)
Stlth    ..........             (no amulet)
HPRegen  0.00/turn              (no ring)
MPRegen  0.08/turn              (no ring)

@: lethally poisoned (0 -> 0), non-regenerating, slowed, very slow
A: damage resistance, heal wounds, sense surroundings 1, no regeneration
a: Heal Wounds


You were on level 2 of the Dungeon.
You were not hungry.

You visited 1 branch of the dungeon, and saw 2 of its levels.

Inventory:

Hand Weapons
 a - a +0 war axe (weapon)
Armour
 b - a +0 scale mail (worn)
 c - a +0 kite shield (worn)
Scrolls
 h - a scroll of teleportation {unknown}
 i - a scroll of blinking {unknown}
Potions
 d - a potion of might
 f - a potion of curing {unknown}
 g - a potion of stabbing {unknown}
Comestibles
 e - 2 rations


   Skills:
 + Level 2.9 Fighting
 * Level 3.0 Axes
 + Level 3.6 Armour
 + Level 3.6 Shields


You had 2 spell levels left.
You didn't know any spells.
Your spell library was empty.

Dungeon Overview and Level Annotations

Branches:
Dungeon (2/15)

Altars:


Innate Abilities, Weirdness & Mutations

You are resistant to damage.
You can heal yourself by infusing magical energy.
You passively map a small area around you.
You do not regenerate.


Message History

You hit the orc wizard. You barely miss the adder.
The adder closely misses you.
The orc priest hits you but does no damage.
The orc wizard hits you with a +0 dagger.
The adder bites you but does no damage. The orc priest hits you with a +0 club.
The orc wizard hits you with a +0 dagger.
The adder barely misses you. Something hits you.
The orc priest casts a cantrip, but nothing happens.
The orc priest invokes the aid of Beogh against you.
Beogh smites you!
* * * LOW HITPOINT WARNING * * *
The adder barely misses you.
The orc wizard hits you but does no damage.
Unknown command.
You feel less confused. The adder bites you but does no damage.
The adder bites you but does no damage. You block the orc's attack.
The orc wizard hits you but does no damage.
Something hits you.
You die...

... .# * ....
#.# > ....#
##..#* # * ....#
#..# ,..
#...####.####...
, *
#..#..)....... ,
#.........# ,
##..oo....## ,
####<.o@S....#.
,* *
#.....{........#
,
#.#.............
, #.
#.#.......#... ,
# *#.#....>.##
.# ,
..........., . ,
*
...#######...**
,, ... ...., ,
^.* * *.##


You could see an orc priest, an orc wizard, an adder and an orc.

Vanquished Creatures
  An orc wizard (D:2)
  A goblin (D:1)
  A ball python (D:2)
  A rat (D:1)
4 creatures vanquished.

Notes
Turn   | Place    | Note
-------+----------+-------------------------------------------
     0 | D:1      | Flugslaktarn the Deep Dwarf Fighter began the quest for the
                  | Orb.
     0 | D:1      | Reached XP level 1. HP: 20/20 MP: 1/1
    91 | D:2      | Noticed an orc wizard
    96 | D:2      | Noticed an orc wizard
    99 | D:2      | Noticed an orc wizard
   102 | D:2      | Noticed an orc priest
   107 | D:2      | Killed an orc wizard
   107 | D:2      | Reached XP level 2. HP: 22/27 MP: 1/1
   107 | D:2      | Reached XP level 3. HP: 28/33 MP: 2/2
   113 | D:2      | HP: 1/33 [orc priest/divine providence (12)]
   115 | D:2      | Slain by an orc wizard

Levels and vault maps discovered:
D:1:      saegor_arrival_simple_d, layout_loops_ring, minmay_misc_feat_cross
D:2:      layout_rooms, uniq_sigmund

Skill      XL: |  1 |
---------------+----+-----
Axes           | 3 |  3.0
Fighting       | |  2.9
Armour         | |  3.6
Shields        | |  3.6

Action                   || total
-------------------------++-------
Melee: War axe           ||    27
 Abil: Heal Wounds       ||     2
Armor: Scale mail        ||    45
Dodge: Dodged            ||    21
Block: Kite shield       ||    45

Table legend:
 A = Non-vault XP
 B = Vault XP
 C = Vault XP percentage of total XP
 D = Non-vault monster count
 E = Vault monster count
 F = Vault count percentage of total count
                 A         B        C        D         E       F
            +---------+---------+-------+---------+---------+-------
      Total |      46 |       0 |   0.0 |       4 |       0 |   0.0
            +---------+---------+-------+---------+---------+-------
        D:1 |       3 |       0 |   0.0 |       2 |       0 |   0.0
        D:2 |      43 |       0 |   0.0 |       2 |       0 |   0.0
            +---------+---------+-------+---------+---------+-------
